 Dungeon Crawl Stone Soup version 0.30-a0-368-g86fb4627a9 (webtiles) character file.

Game seed: 7968206858721752007

29 ryw the Trooper (level 3, 29/29 HPs)
             Began as a Demonspawn Fighter on Nov 19, 2022.
             Quit the game on level 1 of the Dungeon.
             The game lasted 00:01:40 (882 turns).

ryw the Trooper (Demonspawn Fighter)                 Turns: 882, Time: 00:01:40

Health: 29/29      AC:  6    Str: 18    XL:     3   Next: 1%
Magic:  3/3        EV:  9    Int:  9    God:
Gold:   22         SH:  4    Dex: 12    Spells: 2/2 levels left

rFire   . . .      SeeInvis .    i - +0 scimitar
rCold   . . .      Faith    .    b - +0 buckler
rNeg    . . .      Spirit   .    a - +0 scale mail
rPois   .          Reflect  .    (no helmet)
rElec   .          Harm     .    (no cloak)
rCorr   .          Rampage  .    (no gloves)
Will    .....                    (no boots)
Stlth   ..........               (no amulet)
HPRegen 0.24/turn                (no ring)
MPRegen 0.08/turn                (no ring)

@: no status effects
A: ignite blood 1, weakness stinger 1
a: no special abilities


You were on level 1 of the Dungeon.
You visited 1 branch of the dungeon, and saw 1 of its levels.

You collected 22 gold pieces.

Inventory:

Hand Weapons
 i - a +0 scimitar (weapon)
Armour
 a - a +0 scale mail (worn)
 b - a +0 buckler (worn)
 j - a +0 robe of cold resistance
Jewellery
 h - a ring of wizardry
Scrolls
 e - a scroll of teleportation {unknown}
Potions
 c - 2 potions of might
 d - a potion of berserk rage {unknown}
 f - a potion of mutation {unknown}
 g - a potion of ambrosia {unknown}
 k - a potion of haste {unknown}


   Skills:
 + Level 3.5 Fighting
 + Level 3.2 Armour
 - Level 2.6 Shields
 - Level 2.0 Unarmed Combat


You had 2 spell levels left.
You didn't know any spells.
Your spell library contained the following spells:

 Spells                   Type           Power      Damage    Failure   Level
 Apportation              Tloc           0%         N/A       86%         1
 Necrotise                Necr           0%         1d4       86%         1
 Summon Small Mammal      Summ           0%         N/A       86%         1
 Animate Dead             Necr           0%         N/A       100%        4
 Borgnjor's Vile Clutch   Necr/Erth      0%         N/A       100%        5
 Death Channel            Necr           0%         N/A       100%        6


Dungeon Overview and Level Annotations

Branches:
Dungeon (1/15)

Altars:


Innate Abilities, Weirdness & Mutations

Your demonic aura sometimes causes spilled blood to erupt in flames.
You have a small tail.


Message History

You see here a frilled lizard corpse.
Found a club.
You see here a +0 robe of cold resistance.
You see here a +0 robe of cold resistance.
j - a +0 robe of cold resistance
Found a spear.
You see here a frilled lizard corpse.
Things that are here:
a +0 short sword; 9 stones; a kobold corpse
k - a bubbling ruby potion No target in view!
No target in view!
No target in view!
A frilled lizard comes into view.
You see here 16 gold pieces.
The frilled lizard closely misses you.
You slash the frilled lizard!
You kill the frilled lizard!
No target in view!
No target in view!
You now have 22 gold pieces (gained 16).
You see here a frilled lizard corpse.
You see here a +0 long sword.
You see here a +0 dagger.
A goblin comes into view. It is wielding a +0 club.
A goblin is nearby!
The goblin hits you with a +0 club.
You slash the goblin!
You kill the goblin!
You have reached level 3!
Your experience leads to an increase in your attributes!
Increase (S)trength, (I)ntelligence, or (D)exterity?
You feel stronger. x2; Your demonic ancestry asserts itself...
You grow a small tail.
Unknown command.
A frilled lizard comes into view.
The frilled lizard hisses angrily.
Are you sure you want to abandon this character and quit the game? (Confirm with "yes".)
Okay, then.
Are you sure you want to abandon this character and quit the game? (Confirm with "yes".)

..
..l.#####
........#
#### #@#
.... #.#
####
#####.# #
#.....#
########
#.###.#
.......#
#. #.#
######.#
#.###.#
#.#
#.....#
#.###
###.###


You could see a frilled lizard.

Vanquished Creatures
  A dart slug (D:1)
  2 ball pythons (D:1)
  2 bats (D:1)
  3 endoplasms (D:1)
  6 goblins (D:1)
  A hobgoblin (D:1)
  A quokka (D:1)
  3 frilled lizards (D:1)
  3 kobolds (D:1)
  2 rats (D:1)
24 creatures vanquished.

Notes
Turn   | Place    | Note
-------+----------+-------------------------------------------
     0 | D:1      | ryw the Demonspawn Fighter began the quest for the Orb.
     0 | D:1      | Reached XP level 1. HP: 18/18 MP: 1/1
   193 | D:1      | Gained mutation: Your demonic aura sometimes causes spilled
                  | blood to erupt in flames. [demonic ancestry]
   193 | D:1      | Reached XP level 2. HP: 24/24 MP: 2/2
   846 | D:1      | Gained mutation: You have a small tail. [demonic ancestry]
   846 | D:1      | Reached XP level 3. HP: 27/29 MP: 3/3
   882 | D:1      | Quit the game

Illustrated notes

Levels and vault maps discovered:
D:1:      minmay_arrival_radiant_lines, layout_loops_ring

Skill      XL: |  1  2 |
---------------+-------+-----
Unarmed Combat | 2 |  2.0
Armour         | 3 |  3.2
Fighting       | |  3.5
Shields        | |  2.6

Action                   || total
-------------------------++-------
Melee: Unarmed           ||    16
       Long sword        ||    28
       Scimitar          ||    24
Armor: Scale mail        ||    34
Dodge: Dodged            ||    30
Block: Buckler           ||    17

Table legend: (Time is in decaauts)
 A = Elapsed time spent in this place.
 B = Non-inter-level travel time spent in this place.
 C = Inter-level travel time spent in this place.
 D = Time resting spent in this place.
 E = Time spent auto-exploring this place.
 F = Levels seen in this place.
 G = Mean time per level.
                   A        B        C        D        E       F      G
               +--------+--------+--------+--------+--------+-----+--------+
         Total |    905 |    905 |      0 |    208 |    484 |   1 |  905.0 |
       Dungeon |    905 |    905 |      0 |    208 |    484 |   1 |  905.0 |
               +--------+--------+--------+--------+--------+-----+--------+

Top non-repeatable levels by time:
     D:1: 905 daAuts
